 Dungeon Crawl Stone Soup version 0.30-a0-269-gf0224bf7b6 (webtiles) character file.

Game seed: 2374774330444526515

4 Flugkiller the Sneak (level 1, -11/16 HPs)
             Began as an Octopode Delver on Oct 14, 2022.
             Mangled by an iguana (12 damage)
             ... on level 4 of the Dungeon.
             The game lasted 00:00:33 (104 turns).

Flugkiller the Sneak (Octopode Delver)               Turns: 104, Time: 00:00:34

Health: -11/16     AC:  1    Str: 11    XL:     1   Next: 60%
Magic:  1/1        EV: 13    Int: 12    God:
Gold:   14         SH:  0    Dex: 13    Spells: 0/0 levels left

rFire   . . .      SeeInvis .    a - +0 short sword
rCold   . . .      Faith    .    (no shield)
rNeg    + . .      Spirit   .    (helmet restricted)
rPois   .          Reflect  .    (no amulet)
rElec   .          Harm     .    g - ring of positive energy
rCorr   .          Rampage  .    e - ring of wizardry
Will    .....                    (no ring)
Stlth   ++++......               (no ring)
HPRegen 0.22/turn                (no ring)
MPRegen 0.07/turn                (no ring)
                                 (no ring)
                                 (no ring)

@: no status effects
A: almost no armour, amphibious, 8 rings, camouflage 1, gelatinous body 1,
(nimble swimmer 1), tentacles
a: no special abilities


You were on level 4 of the Dungeon.
You visited 1 branch of the dungeon, and saw 2 of its levels.

You collected 14 gold pieces.

Inventory:

Hand Weapons
 a - a +0 short sword (weapon)
 j - a +0 spear
   (You found it on level 4 of the Dungeon)
Jewellery
 e - a ring of wizardry (right tentacle)
   (You found it on level 4 of the Dungeon)
 g - a ring of positive energy (left tentacle)
   (You found it on level 4 of the Dungeon)
 k - a ring of flight
   (You found it on level 4 of the Dungeon)
Wands
 f - a wand of digging (3)
Scrolls
 b - a scroll of fog
 c - a scroll of magic mapping
 d - a scroll of fear
 i - a scroll of brand weapon {unknown}
Potions
 h - a potion of haste


   Skills:
 - Level 3.0 Fighting
 - Level 2.0 Short Blades
 + Level 2.4 Dodging
 - Level 6.6 Stealth


You couldn't memorise any spells.
You didn't know any spells.
Your spell library contained the following spells:

 Spells                   Type           Power      Damage    Failure   Level
 Dazzling Flash           Conj/Hex       0%         N/A       36%         3
 Agony                    Necr           0%         N/A       97%         5
 Silence                  Hex/Air        0%         N/A       97%         5


Dungeon Overview and Level Annotations

Branches:
Dungeon (5/15) Zot: 11897
 Temple: D:4-7

Altars:


Innate Abilities, Weirdness & Mutations

You cannot wear most types of armour.
You are amphibious.
You can wear up to eight rings at the same time.
Your skin changes colour to match your surroundings (Stealth+).
Your rubbery body absorbs attacks. (AC +1, EV +1)
((You are camouflaged when in or above water. (Stealth+)))
You have tentacles for arms and can constrict up to eight enemies at once.


Message History

Welcome, Flugkiller the Octopode Delver.
Below lies the Orb of Zot, rumoured to be powerful enough to resurrect a god...
Press ? for a list of commands and other information.
Found a sling and a book of the Senses.
Found two stone staircases leading down.
Found a stone staircase leading up.
You pick up a book of the Senses and begin reading...
You add the spells Dazzling Flash, Agony and Silence to your library.
There is a stone staircase leading up here.
You climb upwards.
Found 5 gold pieces.
There is a stone staircase leading down here.
A hound comes into view.
Found an escape hatch in the floor.
You see here 5 gold pieces.
You now have 5 gold pieces.
There is a stone staircase leading down here.
Found 9 gold pieces.
An endoplasm comes into view.
The endoplasm quivers.
You see here 9 gold pieces.
You now have 14 gold pieces (gained 9).
You hit the endoplasm. Your squeeze misses the endoplasm.
The endoplasm is heavily wounded.
You hit the endoplasm.
You kill the endoplasm!
No target in view!
Found a sling.
Found a ruby ring.
A dart slug comes into view.
You see here a ring of wizardry.
e - a ring of wizardry The dart slug launches a dart at you.
The slug dart hits you.
You hit the dart slug. You grab the dart slug. You squeeze the dart slug!
You kill the dart slug!
No target in view!
No target in view!
Okay, then.
You start resting.
HP restored.
Found a marble ring.
Found a scroll labelled COUHOA ROPLALO.
g - a ring of positive energy
g - a ring of positive energy (left tentacle)
Found a spear.
e - a ring of wizardry (right tentacle)
i - a scroll labelled COUHOA ROPLALO You see here a +0 spear.
j - a +0 spear
Found an emerald ring.
Found a stone staircase leading up.
An iguana comes into view.
You see here a ring of flight.
k - a ring of flight
There is a stone staircase leading up here.
The iguana hisses angrily.
You hit the iguana. You grab the iguana. You squeeze the iguana.
The iguana is moderately wounded.
You constrict the iguana, but do no damage.
The iguana closely misses you.
You hit the iguana but do no damage.
The iguana is moderately wounded.
You constrict the iguana, but do no damage.
The iguana closely misses you.
You hit the iguana but do no damage.
The iguana is moderately wounded.
You constrict the iguana. The iguana bites you!
Ouch! That really hurt!
* * * LOW HITPOINT WARNING * * *
You are too injured to fight recklessly!
You release your grip on the iguana.
The iguana attacks as you move away! The iguana bites you!
Ouch! That really hurt!
You die...

..# #.# #.#.# #.##
#.# #.#.# #..# #.#
#.#.#.# #..# #.#
#.#.#.# ...# #.#
#.#.#.# ##.#####.#
.#.#.# ........)#
....# ##.####...#
#l..#### .#.# ###.#
#@.....# #.##♣♣♣##.#
##<.##.# .##..♣..###
#..# .#.......# #..#
.#.......########..#
.#.......#.........#
...###............##
...# #.############
...# #.#


You could see an iguana.

Vanquished Creatures
  A dart slug (D:4)
  An endoplasm (D:4)
2 creatures vanquished.

Notes
Turn   | Place    | Note
-------+----------+-------------------------------------------
     0 | D:5      | Flugkiller the Octopode Delver began the quest for the Orb.
     0 | D:5      | Reached XP level 1. HP: 16/16 MP: 1/1
    11 | D:4      | Noticed a hound
    96 | D:4      | Noticed an iguana
   104 | D:4      | Mangled by an iguana

Illustrated notes

Levels and vault maps discovered:
D:4:      layout_loops_ring, kennysheep_mini_moat, kennysheep_nub
D:5:      layout_cave_pools, kiku_gazebo_pond_becter,
          minmay_temple_entry_nine_rooms

Action                   || total
-------------------------++-------
Melee: Short sword       ||     6
       Constrict         ||     2
       Tentacles         ||     2
Dodge: Dodged            ||     2

Table legend: (Time is in decaauts)
 A = Elapsed time spent in this place.
 B = Non-inter-level travel time spent in this place.
 C = Inter-level travel time spent in this place.
 D = Time resting spent in this place.
 E = Time spent auto-exploring this place.
 F = Levels seen in this place.
 G = Mean time per level.
                   A        B        C        D        E       F      G
               +--------+--------+--------+--------+--------+-----+--------+
         Total |    102 |    102 |      0 |     14 |      0 |   2 |   51.0 |
       Dungeon |    102 |    102 |      0 |     14 |      0 |   2 |   51.0 |
               +--------+--------+--------+--------+--------+-----+--------+

Top non-repeatable levels by time:
     D:4: 92 daAuts
     D:5: 10 daAuts
